 Dungeon Crawl Stone Soup version 0.19.1 (webtiles) character file.

52 Dfrag the Firebug (level 3, -2/28 HPs)
             Began as a Naga Fire Elementalist on Nov 30, 2016.
             Slain by a jackal (3 damage)
             ... on level 2 of the Dungeon.
             The game lasted 00:02:17 (1119 turns).

Dfrag the Firebug (Naga Fire Elementalist)          Turns: 1119, Time: 00:02:18

Health: -2/28      AC:  1    Str: 10    XL:     3   Next: 85%
Magic:  7/7        EV: 10    Int: 16    God:
Gold:   86         SH:  0    Dex: 11    Spells: 1 memorised, 7 levels left

rFire  . . .     SeeInvis +     g - +2 short sword (protect)
rCold  . . .     Gourm    .     a - +0 robe
rNeg   . . .     Faith    .     (no shield)
rPois  +         Spirit   .     f - -2 helmet (curse)
rElec  .         Reflect  .     (no cloak)
rCorr  .         Harm     .     (no gloves)
MR     .....                    (no barding)
Stlth  ++........               (no amulet)
                                (no ring)
                                (no ring)

@: flying, very slightly contaminated, hasted, quick
A: see invisible, deformed body, poison resistance, slowness 2, slow metabolism
1, spit poison 1, AC +1
a: Spit Poison


You were on level 2 of the Dungeon.
You were not hungry.

You visited 1 branch of the dungeon, and saw 2 of its levels.

You collected 86 gold pieces.

Inventory:

Hand Weapons
 g - a +2 short sword of protection (weapon)
Armour
 a - a +0 robe (worn)
 f - a cursed -2 helmet (worn)
Scrolls
 d - a scroll of recharging {unknown}
 k - a scroll of remove curse {unknown}
 l - a scroll of immolation {unknown}
 m - a scroll of magic mapping {unknown}
Potions
 o - a potion of cure mutation {unknown}
Books
 b - a book of Flames

   Spells                             Type                      Level
   a - Flame Tongue                   Conjuration/Fire             1
   b - Throw Flame                    Conjuration/Fire             2
   c - Conjure Flame                  Conjuration/Fire             3
   d - Inner Flame                    Hexes/Fire                   3
   e - Sticky Flame                   Conjuration/Fire             4
   f - Fireball                       Conjuration/Fire             5
Comestibles
 c - 2 bread rations
 j - 3 chunks of flesh
 n - 4 fruits
 p - a meat ration


   Skills:
 - Level 1.5 Dodging
 - Level 3.0 Stealth
 + Level 3.0 Spellcasting
 + Level 1.7 Conjurations
 + Level 3.4 Fire Magic


You had 7 spell levels left.
You knew the following spells:

 Your Spells              Type           Power        Failure   Level  Hunger
a - Flame Tongue          Conj/Fire      ##...        10%         1    #......


Dungeon Overview and Level Annotations

Branches:
Dungeon (2/15)

Altars:
Ashenzari


Innate Abilities, Weirdness & Mutations

You cannot wear boots.
Your serpentine skin is tough. (AC +1)
You have supernaturally acute eyesight. (SInv)
Armour fits poorly on your strangely shaped body.
Your system is resistant to poisons. (rPois)
You cover ground very slowly.
You have a slow metabolism.
You can spit poison.


Message History

Unknown command.
Press: ? - help, Shift-Dir - straight line, f - jackal
Aim: a jackal The splash of poison misses the jackal. x2; You feel slightly more hungry.
The jackal bites you.
* * * LOW HITPOINT WARNING * * *
The jackal bites you but does no damage.
Unknown command.
You barely miss the jackal. The jackal bites you.
* * * LOW HITPOINT WARNING * * *
It was a potion of magic.
Magic courses through your body. The jackal closely misses you.
The jackal barely misses you.
It was a potion of flight.
You feel very buoyant.
You fly up into the air.
The jackal misses you.
It was a potion of haste.
You feel yourself speed up.
You have got your breath back.
The jackal bites you but does no damage.
The jackal bites you.
You die...

### #.. ###.####
.......###
.#.####......#
.............####
...........†hh@.#
##.###.......##)#
#.......##.##
#..##.###...######
...........#..<.†.#
###.###.###...####.#
#. #.##..... ..
..#..###.. #... ..


You could see 2 jackals.

Vanquished Creatures
  An ooze (D:1)
  2 dart slugs (D:1)
  2 giant cockroaches
  2 goblins (D:1)
  5 hobgoblins
  11 jackals
  6 kobolds
  A ball python (D:1)
  3 bats
  4 frilled lizards (D:1)
  2 rats (D:1)
39 creatures vanquished.

Notes
Turn   | Place    | Note
-------+----------+-------------------------------------------
     0 | D:1      | Dfrag the Naga Fire Elementalist began the quest for the Orb.
     0 | D:1      | Reached XP level 1. HP: 15/15 MP: 3/3
   161 | D:1      | Reached XP level 2. HP: 15/22 MP: 1/5
   175 | D:1      | HP: 1/22 [hobgoblin/club (6)]
   297 | D:1      | Found a shattered altar of Ashenzari.
   687 | D:1      | Reached XP level 3. HP: 24/28 MP: 0/7
  1116 | D:2      | HP: 1/28 [jackal (2)]
  1119 | D:2      | Slain by a jackal

Skill      XL: |  1  2  3 |
---------------+----------+-----
Spellcasting   | 3 |  3.0
Dodging        | |  1.5
Stealth        | |  3.0
Conjurations   | |  1.7
Fire Magic     | |  3.4

Action                   || total
-------------------------++-------
Melee: Unarmed           ||     4
       Short sword       ||    35
 Cast: Flame Tongue      ||    53
 Abil: Spit Poison       ||    13
  Use: Potion            ||     3
  Eat: Chunk             ||     1
Armor: Robe              ||    15
Dodge: Dodged            ||    62
